3003 views
Uploaded 2019-12-09 18:38:31
Game version 1.32.0.4
33:26 long 1on1on1on1 ladder game on (8)MarketSquare
Saved by Mata
3003 views
Uploaded 2019-12-09 18:38:31
Game version 1.32.0.4
33:26 long 1on1on1on1 ladder game on (8)MarketSquare

37 units @ 6.2k
/ 1.2k
20 buildings @ 3.3k
/ 1.4k

| Potion of Healing | 2 | 300 |
| total: | 2 | 300g |
| Acolyte | 20 | 1500 | / | 0 |
| Ghoul | 7 | 840 | / | 0 |
| Frost Wyrm | 10 | 3850 | / | 1200 |
| total: | 37 | 6190g | / | 1200w |
| Spirit Tower | 9 | 1305 | / | 360 |
| Altar of Darkness | 1 | 180 | / | 50 |
| Ziggurat | 10 | 1500 | / | 500 |
| Graveyard | 2 | 430 | / | 0 |
| Crypt | 1 | 200 | / | 50 |
| Tomb of Relics | 1 | 130 | / | 30 |
| Necropolis | 1 | 225 | / | 0 |
| Sacrificial Pit | 1 | 75 | / | 150 |
| Boneyard | 3 | 525 | / | 600 |
| Halls of the Dead | 1 | 320 | / | 210 |
| Black Citadel | 1 | 325 | / | 230 |
| total: | 20 | 3265g | / | 1380w |
| 0:15 | Acolyte |
| 0:15 | Acolyte |
| 0:16 | Acolyte |
| 0:26 | Altar of Darkness |
| 0:45 | Ziggurat |
| 0:46 | Acolyte |
| 0:46 | Acolyte |
| 0:53 | Ziggurat |
| 1:01 | Graveyard |
| 1:20 | Ziggurat |
| 1:42 | Crypt |
| 2:11 | Ziggurat |
| 2:27 | Spirit Tower |
| 2:51 | Ghoul |
| 2:51 | Ghoul |
| 2:51 | Ghoul |
| 2:56 | Ghoul |
| 3:14 | Spirit Tower |
| 3:29 | Spirit Tower |
| 3:34 | Death Coil |
| 4:14 | Ziggurat |
| 4:21 | Ziggurat |
| 4:42 | Halls of the Dead |
| 5:17 | Spirit Tower |
| 5:26 | Ziggurat |
| 5:39 | Creature Carapace |
| 5:42 | Creature Attack |
| 5:58 | Ziggurat |
| 6:19 | Ghoul |
| 6:19 | Ghoul |
| 6:21 | Ghoul |
| 6:34 | Spirit Tower |
| 6:52 | Spirit Tower |
| 7:05 | Sacrificial Pit |
| 7:13 | Ziggurat |
| 7:44 | Black Citadel |
| 8:05 | Spirit Tower |
| 8:22 | Ziggurat |
| 9:46 | Spirit Tower |
| 10:14 | Boneyard |
| 10:28 | Boneyard |
| 10:34 | Boneyard |
| 10:40 | Improved Creature Carapace |
| 10:40 | Improved Creature Attack |
| 10:57 | Tomb of Relics |
| 11:29 | Freezing Breath |
| 11:53 | Frost Wyrm |
| 12:00 | Advanced Creature Carapace |
| 12:35 | Frost Wyrm |
| 13:12 | Advanced Creature Attack |
| 13:37 | Frost Wyrm |
| 14:33 | Frost Wyrm |
| 15:25 | Frost Wyrm |
| 16:21 | Frost Wyrm |
| 16:52 | Acolyte |
| 16:52 | Acolyte |
| 16:52 | Acolyte |
| 16:52 | Acolyte |
| 17:19 | Potion of Healing |
| 17:34 | Potion of Healing |
| 18:33 | Frost Wyrm |
| 20:13 | Frost Wyrm |
| 20:51 | Acolyte |
| 21:37 | Unholy Aura |
| 23:20 | Acolyte |
| 23:38 | Acolyte |
| 24:14 | Acolyte |
| 24:14 | Acolyte |
| 24:14 | Acolyte |
| 25:12 | Necropolis |
| 25:24 | Graveyard |
| 26:33 | Acolyte |
| 26:34 | Acolyte |
| 26:34 | Acolyte |
| 26:34 | Acolyte |
| 26:34 | Acolyte |
| 27:03 | Frost Wyrm |
| 28:07 | Frost Wyrm |
| 28:53 | Unholy Aura |
| Right click | 421 |
| Chat | 302 |
| Select | 242 |
| Build/train/purchase | 67 |
| Use ability | 7 |
| Remove unit | 2 |
39 units @ 4.9k
/ 0.5k
73 buildings @ 5k
/ 2.6k



| Scroll of Regeneration | 1 | 100 |
| Staff of Sanctuary | 3 | 750 |
| Orb of Fire | 1 | 325 |
| Scroll of Town Portal | 1 | 350 |
| Staff of Teleportation | 2 | 300 |
| Boots of Speed | 1 | 250 |
| Periapt of Vitality | 1 | 325 |
| Circlet of Nobility | 1 | 175 |
| total: | 11 | 2575g |
| Peasant | 23 | 1725 | / | 0 |
| Footman | 1 | 135 | / | 0 |
| Sorceress | 3 | 465 | / | 60 |
| Priest | 2 | 270 | / | 20 |
| Spell Breaker | 2 | 430 | / | 60 |
| Gryphon Rider | 4 | 1120 | / | 280 |
| Dragonhawk Rider | 4 | 800 | / | 120 |
| total: | 39 | 4945g | / | 540w |
| Scout Tower | 45 | 1350 | / | 900 |
| Arcane Tower | 7 | 490 | / | 350 |
| Guard Tower | 12 | 840 | / | 600 |
| Altar of Kings | 1 | 180 | / | 50 |
| Farm | 13 | 1040 | / | 260 |
| Barracks | 2 | 320 | / | 120 |
| Lumber Mill | 1 | 120 | / | 0 |
| Town Hall | 2 | 770 | / | 410 |
| Arcane Vault | 2 | 260 | / | 60 |
| Blacksmith | 2 | 280 | / | 120 |
| Arcane Sanctum | 2 | 300 | / | 280 |
| Gryphon Aviary | 3 | 420 | / | 450 |
| Keep | 1 | 320 | / | 210 |
| Castle | 1 | 360 | / | 210 |
| total: | 73 | 5040g | / | 2650w |
| 0:06 | Altar of Kings |
| 0:24 | Peasant |
| 0:27 | Peasant |
| 0:40 | Farm |
| 0:43 | Peasant |
| 0:57 | Barracks |
| 1:00 | Peasant |
| 1:23 | Peasant |
| 1:31 | Peasant |
| 1:37 | Farm |
| 1:38 | Farm |
| 1:55 | Peasant |
| 1:55 | Peasant |
| 2:03 | Scout Tower |
| 2:15 | Summon Water Elemental |
| 2:21 | Peasant |
| 2:25 | Footman |
| 2:38 | Peasant |
| 2:41 | Arcane Tower |
| 2:44 | Scout Tower |
| 2:45 | Scout Tower |
| 2:47 | Peasant |
| 3:07 | Peasant |
| 3:11 | Farm |
| 3:29 | Arcane Tower |
| 3:31 | Arcane Tower |
| 3:53 | Peasant |
| 3:54 | Peasant |
| 4:25 | Brilliance Aura |
| 4:29 | Scout Tower |
| 4:29 | Scout Tower |
| 4:30 | Scout Tower |
| 4:31 | Peasant |
| 4:33 | Lumber Mill |
| 4:36 | Peasant |
| 4:38 | Farm |
| 4:38 | Farm |
| 4:44 | Town Hall |
| 4:53 | Peasant |
| 5:28 | Arcane Tower |
| 5:29 | Arcane Vault |
| 5:36 | Guard Tower |
| 5:37 | Scout Tower |
| 5:38 | Scout Tower |
| 5:39 | Scout Tower |
| 5:56 | Keep |
| 5:57 | Improved Masonry |
| 6:40 | Guard Tower |
| 6:50 | Summon Water Elemental |
| 7:00 | Scout Tower |
| 7:00 | Scout Tower |
| 7:01 | Scout Tower |
| 7:02 | Scout Tower |
| 7:02 | Scout Tower |
| 7:15 | Blacksmith |
| 7:17 | Blacksmith |
| 7:41 | Guard Tower |
| 7:50 | Guard Tower |
| 7:58 | Peasant |
| 8:05 | Arcane Vault |
| 8:10 | Guard Tower |
| 8:12 | Guard Tower |
| 8:19 | Peasant |
| 8:22 | Peasant |
| 8:41 | Advanced Masonry |
| 8:55 | Staff of Teleportation |
| 8:56 | Boots of Speed |
| 9:02 | Castle |
| 9:10 | Peasant |
| 9:35 | Staff of Teleportation |
| 9:37 | Storm Bolt |
| 10:22 | Scroll of Regeneration |
| 10:46 | Arcane Sanctum |
| 10:46 | Arcane Sanctum |
| 11:07 | Studded Leather Armor |
| 11:07 | Black Gunpowder |
| 11:10 | Barracks |
| 11:11 | Farm |
| 11:27 | Scout Tower |
| 11:28 | Scout Tower |
| 11:29 | Scout Tower |
| 11:30 | Scout Tower |
| 11:31 | Scout Tower |
| 11:32 | Scout Tower |
| 11:34 | Scout Tower |
| 11:34 | Scout Tower |
| 11:47 | Scout Tower |
| 11:48 | Scout Tower |
| 11:49 | Scout Tower |
| 11:49 | Scout Tower |
| 12:02 | Sorceress |
| 12:04 | Priest |
| 12:18 | Scout Tower |
| 12:19 | Scout Tower |
| 12:22 | Guard Tower |
| 12:35 | Priest Adept Training |
| 12:36 | Sorceress Adept Training |
| 12:41 | Holy Light |
| 12:44 | Iron Forged Swords |
| 12:45 | Iron Plating |
| 12:46 | Imbued Masonry |
| 12:50 | Spell Breaker |
| 13:01 | Guard Tower |
| 13:07 | Guard Tower |
| 13:12 | Scout Tower |
| 13:19 | Staff of Sanctuary |
| 13:49 | Brilliance Aura |
| 13:57 | Bash |
| 14:01 | Guard Tower |
| 14:08 | Priest Master Training |
| 14:22 | Divine Shield |
| 14:39 | Reinforced Leather Armor |
| 14:43 | Improved Lumber Harvesting |
| 14:57 | Sorceress Master Training |
| 15:00 | Peasant |
| 15:38 | Steel Forged Swords |
| 16:19 | Animal War Training |
| 16:22 | Magic Sentry |
| 16:23 | Control Magic |
| 17:05 | Holy Light |
| 17:14 | Steel Plating |
| 17:14 | Mithril Forged Swords |
| 17:33 | Arcane Tower |
| 17:47 | Storm Bolt |
| 18:14 | Gryphon Aviary |
| 18:14 | Gryphon Aviary |
| 18:15 | Gryphon Aviary |
| 18:53 | Town Hall |
| 19:33 | Sorceress |
| 19:40 | Scout Tower |
| 19:43 | Scout Tower |
| 20:09 | Guard Tower |
| 20:16 | Staff of Sanctuary |
| 20:22 | Orb of Fire |
| 20:32 | Long Rifles |
| 20:35 | Mithril Plating |
| 20:35 | Dragonhide Armor |
| 20:55 | Scout Tower |
| 21:11 | Scroll of Town Portal |
| 21:32 | Summon Water Elemental |
| 21:46 | Farm |
| 21:47 | Farm |
| 21:50 | Peasant |
| 22:14 | Scout Tower |
| 22:15 | Scout Tower |
| 22:16 | Scout Tower |
| 22:16 | Scout Tower |
| 22:48 | Bash |
| 23:00 | Farm |
| 23:00 | Farm |
| 23:02 | Refined Gunpowder |
| 23:07 | Divine Shield |
| 23:24 | Arcane Tower |
| 23:25 | Scout Tower |
| 23:26 | Scout Tower |
| 23:26 | Scout Tower |
| 23:27 | Scout Tower |
| 23:28 | Scout Tower |
| 23:28 | Scout Tower |
| 23:29 | Scout Tower |
| 23:30 | Scout Tower |
| 23:32 | Scout Tower |
| 23:46 | Advanced Lumber Harvesting |
| 24:44 | Storm Hammers |
| 24:44 | Cloud |
| 24:47 | Imbued Gunpowder |
| 25:19 | Arcane Tower |
| 26:19 | Gryphon Rider |
| 26:19 | Gryphon Rider |
| 26:22 | Dragonhawk Rider |
| 26:22 | Dragonhawk Rider |
| 26:22 | Dragonhawk Rider |
| 26:26 | Sorceress |
| 26:27 | Priest |
| 26:35 | Guard Tower |
| 27:06 | Spell Breaker |
| 27:12 | Storm Bolt |
| 27:17 | Farm |
| 27:17 | Farm |
| 27:29 | Gryphon Rider |
| 27:47 | Staff of Sanctuary |
| 28:12 | Periapt of Vitality |
| 28:12 | Circlet of Nobility |
| 28:48 | Holy Light |
| 29:56 | Mass Teleport |
| 29:58 | Avatar |
| 30:20 | Resurrection |
| 30:30 | Dragonhawk Rider |
| 30:33 | Gryphon Rider |
| Right click | 1955 |
| Select | 1091 |
| Select group | 808 |
| Chat | 789 |
| Assign group | 210 |
| Build/train/purchase | 196 |
| Use ability | 70 |
| Misc. action | 41 |
| Remove unit | 3 |
| Item give/drop | 2 |
| Esc | 2 |
30 units @ 5.2k
/ 0.6k
14 buildings @ 3.2k
/ 1.2k


x1)
| Healing Salve | 4 | 400 |
| Scroll of Speed | 1 | 50 |
| Orb of Lightning | 1 | 375 |
| Lesser Clarity Potion | 1 | 70 |
| Boots of Speed | 2 | 500 |
| Tome of Retraining | 1 | 300 |
| total: | 10 | 1695g |
| Peon | 9 | 675 | / | 0 |
| Grunt | 8 | 1600 | / | 0 |
| Demolisher | 6 | 1320 | / | 300 |
| Spirit Walker | 4 | 780 | / | 140 |
| Tauren | 2 | 560 | / | 160 |
| Forest Troll High Priest | 1 | 305 | / | 40 |
| total: | 30 | 5240g | / | 640w |
| Altar of Storms | 1 | 180 | / | 50 |
| Orc Burrow | 5 | 800 | / | 200 |
| Barracks | 1 | 180 | / | 50 |
| Voodoo Lounge | 1 | 130 | / | 30 |
| War Mill | 1 | 205 | / | 0 |
| Great Hall | 4 | 1540 | / | 740 |
| Tauren Totem | 1 | 135 | / | 155 |
| Stronghold | 1 | 315 | / | 190 |
| Fortress | 1 | 325 | / | 190 |
| total: | 14 | 3170g | / | 1225w |
| 3:39 | Altar of Storms |
| 3:41 | Peon |
| 3:46 | Orc Burrow |
| 3:48 | Orc Burrow |
| 3:55 | Peon |
| 4:19 | Peon |
| 4:19 | Peon |
| 4:35 | Peon |
| 4:53 | Barracks |
| 4:57 | Peon |
| 5:02 | Orc Burrow |
| 5:06 | Peon |
| 5:46 | Feral Spirit |
| 6:01 | Grunt |
| 6:34 | Grunt |
| 6:55 | Voodoo Lounge |
| 6:58 | Grunt |
| 7:20 | Chain Lighting |
| 7:23 | Stronghold |
| 7:50 | War Mill |
| 8:22 | Boots of Speed |
| 8:44 | Orc Burrow |
| 8:46 | Grunt |
| 8:53 | Chain Lighting |
| 8:55 | Tome of Retraining |
| 8:55 | Retrain Hero |
| 8:58 | Far Sight |
| 8:58 | Far Sight |
| 8:58 | Chain Lighting |
| 9:21 | Steel Armor |
| 9:29 | Healing Salve |
| 9:37 | Scroll of Speed |
| 9:37 | Healing Salve |
| 10:23 | Peon |
| 10:51 | Berserker Strength |
| 10:59 | Thorium Armor |
| 11:29 | Grunt |
| 11:53 | Wind Walk |
| 12:25 | Grunt |
| 12:25 | Grunt |
| 12:52 | Chain Lighting |
| 12:58 | Fortress |
| 13:03 | Orc Burrow |
| 14:05 | Critical Strike |
| 14:26 | Wind Walk |
| 14:46 | Demolisher |
| 14:52 | Steel Ranged Weapons |
| 15:06 | Tauren Totem |
| 15:43 | Forest Troll High Priest |
| 16:41 | Critical Strike |
| 16:45 | Burning Oil |
| 16:48 | Arcanite Armor |
| 16:48 | Thorium Ranged Weapons |
| 17:09 | Spirit Walker Adept Training |
| 17:21 | Far Sight |
| 17:53 | Orb of Lightning |
| 17:54 | Healing Salve |
| 17:54 | Healing Salve |
| 17:55 | Lesser Clarity Potion |
| 18:26 | Boots of Speed |
| 20:06 | Demolisher |
| 20:06 | Demolisher |
| 20:07 | Arcanite Ranged Weapons |
| 20:10 | Spirit Walker Master Training |
| 20:10 | Spirit Walker |
| 20:17 | Great Hall |
| 21:54 | Grunt |
| 22:08 | Peon |
| 22:47 | Great Hall |
| 23:05 | Demolisher |
| 23:11 | Reinforced Defenses |
| 23:11 | Steel Melee Weapons |
| 23:12 | Spirit Walker |
| 24:13 | Wind Walk |
| 24:16 | Wind Walk |
| 24:31 | Spirit Walker |
| 24:32 | Demolisher |
| 24:54 | Demolisher |
| 25:15 | Pulverize |
| 25:15 | Tauren |
| 26:27 | Great Hall |
| 26:33 | Great Hall |
| 30:12 | Tauren |
| 30:15 | Spirit Walker |
| Right click | 706 |
| Select | 478 |
| Chat | 198 |
| Build/train/purchase | 97 |
| Use ability | 49 |
| Assign group | 38 |
| Misc. action | 17 |
| Select group | 14 |
| Item give/drop | 8 |
⇛